 Dungeon Crawl Stone Soup version 0.30.0-20-g3615ddf2f0 (webtiles) character file.

Game seed: 17515497436958093731

305 qw the Shield-Bearer (level 6, -1/37 HPs)
             Began as a Gargoyle Fighter on June 2, 2023.
             Slain by Sigmund
             ... wielding a +4 scythe of freezing
              (7 damage)
             ... on level 5 of the Dungeon.
             The game lasted 00:01:49 (3656 turns).

qw the Shield-Bearer (Gargoyle Fighter)             Turns: 3656, Time: 00:01:49

Health: -1/37      AC: 14    Str: 22    XL:     6   Next: 39%
Magic:  6/6        EV:  5    Int:  8    God:
Gold:   168        SH: 13    Dex:  9    Spells: 5/5 levels left

rFire   . . .        Y - +1 war axe
rCold   + . .        i - +0 tower shield
rNeg    + . .        o - +0 chain mail
rPois   inf          (no helmet)
rElec   +            (no cloak)
rCorr   .            n - +0 pair of gloves
SInv    .            (no boots)
Will    .....        (no amulet) Stlth
                     b - ring of protection from cold
HPRegen 0.26/turn    (no ring)
MPRegen 0.10/turn

%: no passive effects
@: about to teleport
A: sickness immunity, AC +4, negative energy resistance 1, electricity
resistance, torment resistance 1, petrification resistance
a: no special abilities


You were on level 5 of the Dungeon.
You visited 1 branch of the dungeon, and saw 5 of its levels.

You collected 168 gold pieces.


Innate Abilities, Weirdness & Mutations

You are immune to sickness and miasma.
Your stone body is resilient. (AC +4)
You are immune to poison.
You resist negative energy. (rN+)
You are resistant to electric shocks. (rElec)
You are resistant to unholy torment.
You are immune to petrification.


   Skills:
 - Level 3.2 Fighting
 - Level 3.8 Axes
 - Level 3.2 Armour
 + Level 6.3 Shields


You had 5 spell levels left.
You didn't know any spells.
Your spell library was empty.

Inventory:

Hand Weapons
 h - a +3 whip
 p - the +7 mace "Orphu" {freeze, rF- rN+ Dex+3}
   (You found it on level 2 of the Dungeon)

   Dex:       It affects your dexterity (+3).
   rF:        It makes you vulnerable to fire.
   rN:        It protects you from negative energy.
 Y - a +1 war axe (weapon)
Armour
 i - a +0 tower shield (worn)
 n - a +0 pair of gloves (worn)
 o - a +0 chain mail (worn)
Jewellery
 b - a ring of protection from cold (left hand)
Scrolls
 f - a scroll of teleportation
 m - a scroll of identify
Potions
 a - a potion of lignification
 c - a potion of mutation
 d - 2 potions of might
 e - a potion of heal wounds
 g - a potion of cancellation {unknown}
 j - a potion of degeneration {unknown}
 k - a potion of haste

Dungeon Overview and Level Annotations

Branches:
Dungeon (5/15)
 Temple: D:4-7

Altars:
Dithmenos
Kikubaaqudgha

Shops:
D:4 (

Annotations:
D:5 Sigmund


Message History

You block the iguana's attack. You block the gnoll sergeant's attack.
You barely miss the iguana.
The iguana is heavily wounded.
You hit the gnoll sergeant but do no damage.
The iguana bites you. You block the gnoll sergeant's attack.
Sigmund the Dreaded comes into view.
He is wielding a +4 scythe of freezing.
You block the iguana's attack.
The gnoll sergeant hits you with a +0 spear.
You barely miss the iguana.
The iguana is moderately wounded.
Sigmund shouts!
You hit the gnoll sergeant.
You hear an angry hiss.
The iguana bites you but does no damage.
You block the gnoll sergeant's attack.
A water moccasin comes into view.
You hit the iguana.
The iguana is heavily wounded.
The gnoll sergeant blocks your attack.
Sigmund gestures wildly while chanting.
Sigmund flickers and vanishes!
Deactivating autopickup; reactivate with Ctrl-A.
You block the gnoll sergeant's attack. The iguana bites you!
The gnoll sergeant hits you with a +0 spear.
You block the iguana's attack.
You hit the iguana.
The iguana is almost dead.
You hit the gnoll sergeant but do no damage.
You block the gnoll sergeant's attack. The iguana barely misses you.
You hit the iguana.
You kill the iguana!
The gnoll sergeant blocks your attack.
The gnoll sergeant hits you with a +0 spear.
A sleepcap comes into view.
The gnoll sergeant barely misses you.
3656 ||| READING 2 scrolls of teleportation.
As you read the scroll of teleportation, it crumbles to dust.
You feel strangely unstable. The water moccasin barely misses you.
Something hits you!
You die...

##.#..##.##..........
###....###..#........# .
.##....#...##........#..
................##......
......#.........#....# #
..#...##...........#.# ....
..##.##########.<.##.##f....
.###..# ##>## #...#.......#
[.##.###8...8##.@)...# ..##
......##.....##.Sg..###...#
...#..#8.....8#...{........ .
..###.##.....#####....##.....
### .##8... ##.....## ... .#
.# #......# .... ## .#
##..#..# ".... . .#
##....##<..... .# .#
#..........#


You could see a water moccasin, a sleepcap and a gnoll sergeant.

Vanquished Creatures
  A phantom (D:5)
  A howler monkey (D:4)
  An iguana (D:5)
  An orc wizard (D:3)
  3 gnolls
  2 adders
  3 dart slugs
  4 orcs (D:3)
  7 ball pythons
  10 endoplasms
  5 giant cockroaches
  7 goblins
  3 hobgoblins
  4 jackals (D:2)
  7 quokkas
  7 bats
  A frilled lizard (D:2)
  8 kobolds
  7 rats
82 creatures vanquished.

Notes
Turn   | Place    | Note
-------+----------+-------------------------------------------
     0 | D:1      | qw the Gargoyle Fighter began the quest for the Orb.
     0 | D:1      | Reached XP level 1. HP: 14/14 MP: 1/1
     0 | D:1      | 0 ||| qw: Version: 0.2-a-102-gdf20003
     0 | D:1      | 0 ||| qw: Game counter: 775
     0 | D:1      | 0 ||| qw: Always use a shield: true
     0 | D:1      | 0 ||| qw: God list: Okawaru
     0 | D:1      | 0 ||| qw: Allow faded altars: false
     0 | D:1      | 0 ||| qw: Do Orc after D:15 true
     0 | D:1      | 0 ||| qw: Do second Lair branch before Depths: true
     0 | D:1      | 0 ||| qw: Lair rune preference: random
     0 | D:1      | 0 ||| qw: Plans: Normal, Zot:1-4, Slime:5, God:TSO, Crypt,
                  | Tomb, Pan, Hells, Abyss, Win
     0 | D:1      | 0 ||| PLANNING D:1-11
   170 | D:1      | 170 ||| Stepping ~*~*~tactically~*~*~ (hiding).
   171 | D:1      | 171 ||| Stepping ~*~*~tactically~*~*~ (hiding).
   204 | D:1      | Reached XP level 2. HP: 19/19 MP: 2/2
   223 | D:1      | 223 ||| Stepping ~*~*~tactically~*~*~ (stealth).
   331 | D:1      | Reached skill level 3 in Axes
   348 | D:1      | Reached XP level 3. HP: 23/23 MP: 3/3
   510 | D:1      | 510 ||| DROPPING +0 mace.
   928 | D:1      | 928 ||| READING scroll labelled DEUNNE ZEKK.
   929 | D:1      | 929 ||| READING scroll labelled HURIAH USIFYOD.
  1044 | D:2      | 1044 ||| Stepping ~*~*~tactically~*~*~ (stealth).
  1139 | D:2      | 1139 ||| Stepping ~*~*~tactically~*~*~ (stealth).
  1260 | D:2      | Identified the +7 mace "Orphu" {freeze, rF- rN+ Dex+3}
  1402 | D:2      | Reached XP level 4. HP: 28/28 MP: 4/4
  1845 | D:2      | 1845 ||| UPGRADING to +0 tower shield.
  1855 | D:2      | 1855 ||| DROPPING +0 buckler.
  1856 | D:2      | 1856 ||| UPGRADING to +0 pair of gloves.
  1861 | D:2      | 1861 ||| UPGRADING to +0 chain mail.
  1871 | D:2      | 1871 ||| DROPPING +0 scale mail.
  1872 | D:2      | 1872 ||| READING 3 scrolls labelled JITYLEPP FAWK.
  1873 | D:2      | 1873 ||| READING scroll labelled HELACARUANO.
  1874 | D:2      | 1874 ||| READING 2 scrolls of identify.
  1874 | D:2      | 1874 ||| IDENTIFYING amethyst potion
  1875 | D:2      | 1875 ||| DROPPING 2 scrolls of magic mapping.
  2171 | D:3      | 2171 ||| Stepping ~*~*~tactically~*~*~ (hiding).
  2253 | D:3      | 2253 ||| Stepping ~*~*~tactically~*~*~ (hiding).
  2394 | D:3      | Reached skill level 4 in Shields
  2394 | D:3      | Reached XP level 5. HP: 32/32 MP: 5/5
  2552 | D:3      | Found an ancient bone altar of Kikubaaqudgha.
  2664 | D:3      | 2664 ||| UPGRADING to ring of protection from cold.
  2665 | D:3      | 2665 ||| READING scroll labelled WEWEBLEGEX.
  2852 | D:4      | Reached skill level 5 in Shields
  2898 | D:4      | Found Dufeqeuc's Weapon Boutique.
  2957 | D:4      | Found a shadowy altar of Dithmenos.
  3348 | D:4      | 3348 ||| READING scroll labelled ZODUPYP FITUC.
  3349 | D:4      | 3349 ||| READING scroll labelled MUTUGYIQES.
  3353 | D:4      | 3353 ||| DRINKING 2 white potions.
  3354 | D:4      | 3354 ||| READING 2 scrolls of identify.
  3354 | D:4      | 3354 ||| IDENTIFYING viscous sapphire potion
  3397 | D:5      | Entered Level 5 of the Dungeon
  3397 | D:5      | Noticed a phantom
  3405 | D:5      | Killed a phantom
  3406 | D:5      | Reached skill level 6 in Shields
  3406 | D:5      | Reached XP level 6. HP: 33/37 MP: 6/6
  3486 | D:5      | 3486 ||| STAIRDANCE
  3502 | D:5      | 3502 ||| DRINKING 2 murky emerald potions.
  3504 | D:5      | 3504 ||| FLEEEEING.
  3505 | D:5      | 3505 ||| FLEEEEING.
  3514 | D:5      | 3514 ||| STAIRDANCE
  3518 | D:5      | 3518 ||| STAIRDANCE
  3522 | D:5      | 3522 ||| STAIRDANCE
  3526 | D:5      | 3526 ||| STAIRDANCE
  3530 | D:5      | 3530 ||| STAIRDANCE
  3534 | D:5      | 3534 ||| STAIRDANCE
  3574 | D:5      | 3574 ||| STAIRDANCE
  3590 | D:5      | 3590 ||| STAIRDANCE
  3598 | D:5      | 3598 ||| STAIRDANCE
  3602 | D:5      | 3602 ||| STAIRDANCE
  3606 | D:5      | 3606 ||| STAIRDANCE
  3610 | D:5      | 3610 ||| STAIRDANCE
  3614 | D:5      | 3614 ||| STAIRDANCE
  3618 | D:5      | 3618 ||| STAIRDANCE
  3623 | D:5      | 3623 ||| STAIRDANCE
  3627 | D:5      | 3627 ||| STAIRDANCE
  3631 | D:5      | 3631 ||| STAIRDANCE
  3635 | D:5      | 3635 ||| STAIRDANCE
  3639 | D:5      | 3639 ||| STAIRDANCE
  3651 | D:5      | Noticed Sigmund
  3652 | D:5      | Noticed a water moccasin
  3655 | D:5      | HP: 6/37 [gnoll sergeant/+0 spear (5)]
  3656 | D:5      | 3656 ||| READING 2 scrolls of teleportation.
  3656 | D:5      | Slain by Sigmund

Levels and vault maps discovered:
D:1:      sevenhm_arrival_forest_fort_small_5, layout_loops_ring, minivault_26
D:2:      layout_basic
D:3:      layout_basic, kiku_gazebo_pond_becter, serial_curves, eino_curves_01,
          eino_curves_04
D:4:      layout_loops_ring, grunt_dithmenos_smoke_and_mirrors,
          nicolae_take_the_stairs
D:5:      layout_cave_pools, nicolae_overflow_hidden_temple,
          nicolae_overflow_hallway_of_the_gods, uniq_sigmund

Skill      XL: |  1  2  3  4  5 |
---------------+----------------+-----
Axes           | 2 3 |  3.8
Shields        | 4 6 |  6.3
Fighting       | |  3.2
Armour         | |  3.2

Action                     |  1- 3 |  4- 6 || total
---------------------------+-------+-------++-------
  Melee: War axe           |   129 |   105 ||   234
  Throw: Boomerang         |     6 |       ||     6
    Use: Scroll            |     2 |     8 ||    10
         Potion            |       |     2 ||     2
 Armour: Scale mail        |    59 |     3 ||    62
         Chain mail        |       |    43 ||    43
  Dodge: Dodged            |    64 |    17 ||    81
  Block: Buckler           |    23 |     1 ||    24
         Tower shield      |       |    84 ||    84

Table legend:
 A = Non-vault XP
 B = Vault XP
 C = Vault XP percentage of total XP
 D = Non-vault monster count
 E = Vault monster count
 F = Vault count percentage of total count
                 A         B        C        D         E       F
            +---------+---------+-------+---------+---------+-------
      Total |     437 |       0 |   0.0 |      82 |       0 |   0.0
            +---------+---------+-------+---------+---------+-------
        D:1 |      57 |       0 |   0.0 |      33 |       0 |   0.0
        D:2 |      31 |       0 |   0.0 |      19 |       0 |   0.0
        D:3 |      84 |       0 |   0.0 |      17 |       0 |   0.0
        D:4 |      96 |       0 |   0.0 |       9 |       0 |   0.0
        D:5 |     169 |       0 |   0.0 |       4 |       0 |   0.0
            +---------+---------+-------+---------+---------+-------
